Map: Odyssey LE

Players

Pain

  • Race: Protoss Protoss
  • Spawn Location: 11:00

A.I. 1 (Medium) - Winner!

  • Race: Terran Terran
  • Spawn Location: 5:00

VOD

Have the link to the VOD?

Description

Time

  • Played on: Sept. 3, 2017, 10:13 p.m.
  • Length: 20:48
Show
View Real Time Build Order
Export as new Build Order

Pain Protoss 

Build Orders:  

Get SALT Encoding   

  12  0:30  Probe (Chrono Boost)  
  13  0:41  Probe (Chrono Boost), Assimilator  
  14  0:46  Pylon  
  14  0:51  Probe (Chrono Boost)  
  16  1:04  Probe (Chrono Boost), Pylon  
  16  1:14  Probe (Chrono Boost)  
  16  1:15  Gateway  
  17  1:25  Probe (Chrono Boost)  
  18  1:35  Probe (Chrono Boost)  
  19  1:41  Forge  
  19  1:46  Probe (Chrono Boost)  
  20  2:13  Probe (Chrono Boost)  
  21  2:23  Nexus, Probe (Chrono Boost)  
  22  2:45  Pylon  
  22  2:51  Pylon  
  23  2:58  Probe (Chrono Boost)  
  23  3:08  Cybernetics Core  
  23  3:09  Probe (Chrono Boost)  
  24  3:13  Pylon  
  24  3:18  Pylon  
  24  3:19  Probe (Chrono Boost)  
  25  3:37  Pylon  
  25  3:43  Pylon  
  25  3:47  Assimilator  
  25  3:55  Probe (Chrono Boost)  
  26  4:06  Probe x2 (Chrono Boost)  
  28  4:12  Photon Cannon  
  28  4:16  Probe x2 (Chrono Boost)  
  30  4:17  Pylon  
  30  4:29  Stalker  
  32  4:40  Protoss Air Weapons Level 1  
  32  4:48  Probe (Chrono Boost)  
  33  4:58  Probe (Chrono Boost)  
  33  4:59  Stalker  
  36  5:09  Probe (Chrono Boost)  
  37  5:22  Gateway, Probe (Chrono Boost)  
  38  5:29  Stalker  
  38  5:33  Probe (Chrono Boost)  
  41  5:44  Probe (Chrono Boost)  
  42  5:54  Probe (Chrono Boost), Assimilator  
  43  5:59  Stalker  
  45  6:05  Probe (Chrono Boost)  
  46  6:14  Pylon  
  46  6:15  Probe (Chrono Boost)  
  47  6:23  Twilight Council  
  47  6:29  Stalker  
  47  6:30  Probe (Chrono Boost)  
  50  6:34  Protoss Air Armor Level 1  
  50  6:40  Probe (Chrono Boost)  
  50  6:46  Protoss Ground Weapons Level 1  
  51  6:59  Stalker  
  32  8:33  Stalker  
  23  8:44  Cybernetics Core  
  21  8:56  Pylon  
  21  9:02  Stalker, Photon Cannon  
  21  9:06  Photon Cannon  
  23  9:24  Warp Gate  
  23  9:31  Photon Cannon  
  23  9:32  Stalker  
  25  10:02  Stalker  
  27  10:32  Stalker  
  29  10:39  Nexus  
  29  10:45  Pylon  
  29  10:49  Pylon  
  29  11:02  Stalker  
  27  11:29  Probe (Chrono Boost)  
  27  11:30  Forge  
  27  11:32  Stalker  
  31  11:40  Probe (Chrono Boost)  
  31  11:43  Gateway  
  31  11:50  Forge  
  31  11:53  Probe (Chrono Boost)  
  32  12:02  Stalker  
  32  12:04  Probe (Chrono Boost)  
  35  12:14  Probe (Chrono Boost)  
  35  12:15  Photon Cannon  
  36  12:24  Pylon  
  36  12:25  Probe (Chrono Boost)  
  37  12:33  Twilight Council  
  37  12:35  Probe (Chrono Boost)  
  38  12:39  Probe (Chrono Boost)  
  39  12:46  Probe (Chrono Boost)  
  40  12:54  Stalker  
  40  12:56  Probe (Chrono Boost)  
  43  13:07  Probe (Chrono Boost)  
  44  13:29  Gateway  
  44  13:35  Stalker  
  46  13:44  Pylon  
  46  13:45  Probe (Chrono Boost)  
  47  13:48  Stalker  
  47  13:54  Protoss Ground Armor Level 1  
  50  13:55  Probe (Chrono Boost)  
  50  14:05  Blink  
  50  14:06  Probe (Chrono Boost)  
  51  14:14  Assimilator  
  51  14:17  Probe (Chrono Boost)  
  52  14:18  Stalker  
  54  14:27  Probe (Chrono Boost)  
  55  14:34  Gateway  
  55  14:40  Pylon  
  55  14:45  Pylon  
  55  14:48  Stalker  
  57  15:06  Photon Cannon  
  57  15:10  Photon Cannon  
  57  15:14  Photon Cannon  
  57  15:15  Probe (Chrono Boost)  
  57  15:18  Stalker  
  60  15:22  Stalker  
  60  15:25  Probe (Chrono Boost)  
  63  15:28  Stalker  
  63  15:32  Stalker  
  67  15:48  Stalker  
  69  15:52  Stalker  
  71  16:02  Stalker  
  73  16:07  Stalker  
  75  16:18  Stalker  
  75  16:22  Stalker  
  79  16:32  Stalker  
  75  16:48  Stalker  
  75  16:52  Stalker  
  65  17:02  Stalker  
  41  17:18  Stalker  
  41  17:22  Stalker  
  38  17:32  Stalker  
  26  17:48  Stalker  
  27  17:52  Stalker  
  29  18:02  Stalker  
  29  18:06  Probe (Chrono Boost)  
  29  18:07  Photon Cannon  
  30  18:13  Photon Cannon  
  30  18:17  Probe (Chrono Boost)  
  30  18:18  Stalker  
  33  18:20  Protoss Shields Level 1  
  33  18:22  Stalker  
  35  18:27  Probe (Chrono Boost)  
  35  18:32  Stalker  
  38  18:37  Pylon  
  38  18:38  Probe (Chrono Boost)  
  39  18:48  Stalker, Probe (Chrono Boost)  
  37  18:52  Stalker  
  38  18:59  Probe (Chrono Boost)  
  38  19:02  Stalker  
  38  19:10  Probe (Chrono Boost)  
  35  19:18  Stalker  
  35  19:20  Assimilator  
  35  19:21  Stalker  
  39  19:24  Assimilator  
  39  19:32  Stalker  
  41  19:46  Nexus  
  41  19:48  Stalker  
  41  19:51  Stalker  
  45  20:02  Stalker  
  47  20:18  Stalker  
Show
View Real Time Build Order
Export as new Build Order

A.I. 1 (Medium) Terran - Winner!

Build Orders:  

Get SALT Encoding   

  12  0:00  SCV  
  13  0:13  SCV  
  14  0:19  Supply Depot  
  14  0:25  SCV  
  15  0:40  SCV  
  16  0:44  Barracks  
  16  0:49  Refinery  
  16  0:53  SCV  
  17  1:05  SCV  
  18  1:17  Supply Depot  
  18  1:31  Marine  
  18  1:32  Orbital Command, Barracks  
  19  1:43  Refinery  
  19  1:51  Barracks Tech Lab  
  19  2:09  Marine  
  19  2:10  Supply Depot  
  20  2:22  Marine  
  21  2:35  Marine  
  22  2:47  Supply Depot, Marine  
  23  2:57  SCV  
  24  3:00  Marine  
  25  3:09  SCV  
  25  3:10  Engineering Bay  
  26  3:13  Marine  
  27  3:21  SCV  
  27  3:26  Marine  
  29  3:33  SCV  
  30  3:44  Marauder  
  30  3:45  SCV  
  33  3:50  Supply Depot  
  33  3:52  Marine  
  34  3:57  SCV  
  35  4:06  Marauder  
  37  4:18  Marine  
  38  4:31  Marine  
  39  4:49  Marauder  
  41  6:54  Barracks Tech Lab  
  41  6:58  Factory  
  41  7:01  Factory  
  41  7:02  Missile Turret  
  41  7:03  Command Center  
  41  7:04  Supply Depot  
  41  7:06  Missile Turret  
  41  7:11  Sensor Tower  
  41  7:15  Barracks  
  41  7:27  Bunker  
  41  7:41  Factory Tech Lab  
  40  7:45  Armory  
  42  7:51  Starport  
  42  7:52  Widow Mine  
  42  8:00  Siege Tank  
  42  8:03  Barracks Reactor  
  43  8:13  Factory Tech Lab  
  43  8:15  SCV  
  43  8:18  SCV  
  45  8:24  Refinery  
  45  8:25  Missile Turret  
  45  8:26  Missile Turret  
  45  8:27  Refinery, SCV  
  45  8:28  Starport Tech Lab  
  45  8:30  SCV  
  49  8:38  Siege Tank  
  49  8:39  Widow Mine  
  49  8:40  SCV  
  53  8:42  SCV  
  53  8:45  Raven  
  53  8:47  Bunker  
  56  8:52  SCV  
  56  8:54  SCV  
  58  9:04  SCV  
  58  9:07  SCV  
  60  9:16  SCV  
  61  9:19  SCV  
  62  9:28  SCV, Raven  
  62  9:31  SCV  
  66  9:40  SCV  
  66  9:43  SCV  
  68  9:52  SCV  
  69  9:55  SCV  
  69  9:57  Supply Depot  
  70  10:04  SCV  
  69  10:57  Marine  
  61  11:08  Raven  
  61  11:09  Marauder  
  58  11:20  Marine  
  59  11:31  Marine  
  60  11:42  Marine  
  60  11:43  Combat Shields  
  60  11:44  Stimpack, Terran Infantry Weapons Level 1  
  61  11:48  Starport  
  61  11:51  Supply Depot, Marine, Medivac  
  64  11:56  Command Center, Ghost Academy  
  64  12:00  Marine, Fusion Core  
  65  12:04  Engineering Bay  
  65  12:08  Marine  
  65  12:09  Armory  
  66  12:15  Supply Depot  
  66  12:17  Marine  
  66  12:21  Raven  
  69  12:24  Medivac  
  69  12:27  Marauder  
  73  12:30  Terran Infantry Armor Level 1  
  73  12:34  Reaper  
  74  12:43  Cyclone  
  77  12:51  Reaper  
  77  12:55  Starport Reactor  
  78  13:00  Siege Tank  
  78  13:04  Raven  
  83  13:09  SCV  
  83  13:12  SCV  
  85  13:15  Cyclone, SCV  
  89  13:21  Refinery, SCV  
  89  13:22  Missile Turret  
  89  13:24  SCV  
  89  13:26  Missile Turret  
  89  13:27  Refinery, SCV  
  92  13:33  SCV  
  93  13:36  SCV  
  93  13:39  SCV  
  95  13:45  SCV  
  95  13:47  Bunker  
  96  13:50  SCV  
  96  15:41  Command Center  
  96  16:10  Terran Infantry Armor Level 2, Hellion, Terran Infantry Weapons Level 2  
  96  16:11  Terran Ship Weapons Level 1, Terran Vehicle Weapons Level 1  
  98  16:14  Supply Depot  
  98  16:15  Siege Tank  
  101  16:19  Marine  
  101  16:24  Marine  
  103  16:29  Marine  
  104  16:34  Marine  
  102  16:40  Hellion  
  102  16:43  Supply Depot  
  102  16:47  Siege Tank  
  102  16:50  Marine  
  102  16:53  SCV  
  105  16:55  Marine  
  105  16:56  SCV  
  105  17:00  Marine  
  103  17:06  Missile Turret, Medivac, Marine  
  99  17:08  Medivac  
  99  17:11  Missile Turret, Marine  
  99  17:14  Refinery  
  100  17:16  Refinery, Marine  
  100  17:21  Marine  
  102  17:26  Marine  
  103  17:31  Siege Tank  
  103  17:34  Bunker  
  103  17:37  Siege Tank  
  104  18:03  Siege Tank  
  104  18:05  Terran Vehicle And Ship Armor Level 1  
  107  18:06  Terran Vehicle Weapons Level 2  
  107  18:09  Siege Tank  
  110  18:35  Thor  
  116  18:44  Raven  
  116  18:52  Siege Tank  
  103  19:18  Siege Tank  
  106  19:27  Raven  
Tags
 
Matchup
PvT
Replay Pack
RP
Spawn Locations
Cross Positions
Add a new tag
Caveats
  • Supply blocks, unpowered buildings, or Contaminate may cause inaccurate times.
  • Supply counts are checked every 10 seconds.